 Dungeon Crawl Stone Soup version 0.15-a0-1269-g8ca96ae (webtiles) character file.

4389 Qrupt the Grappler (level 10, -7/88 HPs)
             Began as a Troll Monk on June 5, 2014.
             Was a High Priest of Makhleb.
             Mangled by a troll (11 damage)
             ... on Level 9 of the Dungeon.
             The game lasted 00:15:57 (5378 turns).

Qrupt the Grappler (Troll Monk)                     Turns: 5378, Time: 00:15:59

HP  -7/88        AC 10     Str 24      XL: 10   Next: 13%
MP   4/4         EV  9     Int  6      God: Makhleb [*****.]
Gold 157         SH  0     Dex 12      Spells:  0 memorised,  9 levels left

rFire  . . .     SeeInvis .       - Unarmed
rCold  + . .     Clarity  .     n - +0 mottled dragon armour
rNeg   . . .     rCorr    .     (shield restricted)
rPois  .         rRot     .     (helmet restricted)
rElec  .         Spirit   .     h - +0 cloak
SustAb .         Warding  .     (gloves unavailable)
rMut   .         Stasis   .     (boots unavailable)
Gourm  +                        (no amulet)
MR     .....                    (no ring)
                                p - ring of protection from cold

@: not resistant to hostile enchantments, very unstealthy
A: unfitting armour, claws 3, fast metabolism 3, gourmand, regeneration 2,
saprovore 2, shaggy fur 1, tough skin 2
a: Minor Destruction, Lesser Servant of Makhleb, Major Destruction, Greater
Servant of Makhleb, Renounce Religion


You were on level 9 of the Dungeon.
You worshipped Makhleb.
Makhleb was extremely pleased with you.
You were full.

You visited 2 branches of the dungeon, and saw 10 of its levels.

You collected 262 gold pieces.
You spent 105 gold pieces at shops.

Inventory:

Hand weapons
 M - a +4,+2 dagger of distortion
Armour
 a - a +0 robe
 h - a +0 cloak (worn)
 n - a +0 mottled dragon armour (worn)
Magical devices
 w - a wand of magic darts (7)
 C - a wand of disintegration (15)
 F - a wand of slowing (15)
 G - a wand of digging (11)
 L - a wand of flame (9)
 Q - a wand of fireball (3) {unknown}
Comestibles
 b - 7 meat rations
 o - 9 bread rations
 z - 2 royal jellies
 I - 6 beef jerkies
 O - a rotting chunk of ogre flesh
Scrolls
 c - 4 scrolls of fear {unknown}
 e - 2 scrolls of enchant weapon II {unknown}
 g - 3 scrolls of immolation {unknown}
 i - 2 scrolls of teleportation {unknown}
 k - 7 scrolls of identify {unknown}
 q - 2 scrolls of blinking
 s - 6 scrolls of remove curse {unknown}
 t - 2 scrolls of recharging {unknown}
 x - 4 scrolls of enchant armour {unknown}
 B - 4 scrolls of magic mapping {unknown}
 H - a scroll of amnesia {unknown}
 N - a scroll of silence {unknown}
 P - a scroll of noise {unknown}
Jewellery
 p - a ring of protection from cold (left claw)
 J - an uncursed ring of see invisible {unknown}
Potions
 d - 2 potions of brilliance {unknown}
 f - 9 potions of curing
 j - 2 potions of poison {unknown}
 l - 2 potions of invisibility {unknown}
 m - a potion of haste {unknown}
 r - a potion of resistance {unknown}
 u - a potion of berserk rage {unknown}
 v - a potion of lignification {unknown}
 A - a potion of mutation {unknown}
 D - a potion of cure mutation {unknown}
Books
 y - a book of Minor Magic

   Spells                             Type                      Level
   Magic Dart                         Conjuration                  1
   Blink                              Translocation                2
   Call Imp                           Summoning                    2
   Repel Missiles                     Charms/Air                   2
   Slow                               Hexes                        2
   Conjure Flame                      Conjuration/Fire             3
   Mephitic Cloud                     Conjuration/Poison/Air       3
 E - a book of Death

   Spells                             Type                      Level
   Corpse Rot                         Necromancy                   2
   Sublimation of Blood               Necromancy                   2
   Agony                              Necromancy                   5
   Dispel Undead                      Necromancy                   5
   Excruciating Wounds                Charms/Necromancy            5
   Bolt of Draining                   Conjuration/Necromancy       5
 K - a book of Battle

   Spells                             Type                      Level
   Infusion                           Charms                       1
   Shroud of Golubria                 Charms/Translocation         2
   Song of Slaying                    Charms                       2
   Spectral Weapon                    Hexes/Charms                 3
   Regeneration                       Charms/Necromancy            3


   Skills:
 - Level 2.4 Fighting
 - Level 2.4 Dodging
 - Level 1.1 Stealth
 + Level 14.5 Unarmed Combat


You had 9 spell levels left.
You didn't know any spells.

Dungeon Overview and Level Annotations

Branches:
Dungeon (9/15)             Temple (1/1) D:4
    Orc: D:9-12        Lair: D:8-11

Altars:
Ashenzari
Cheibriados
Dithmenos
Elyvilon
Fedhas
Gozag
Kikubaaqudgha
Makhleb
Nemelex Xobeh
Okawaru
Qazlal
Sif Muna
Trog
Vehumet
Xom
Yredelemnul
Zin
The Shining One

Shops:
D:4 ?


Innate Abilities, Weirdness & Mutations

You are too large for most types of armour.
You have claws for hands.
Your metabolism is lightning-fast.
You like to eat raw meat.
You heal very quickly.
You can eat rotten meat.
You are covered in fur (AC +1).
You have very tough skin (AC +2).


Message History

You scratch the troll but do no damage.
The troll is almost dead.
The shadow imp hits you but does no damage.
The troll bites you! The troll claws you! The troll claws you!
* * * LOW HITPOINT WARNING * * *
You are too injured to fight recklessly!
You scratch the troll but do no damage.
The troll is almost dead.
You completely miss the troll.
The troll is almost dead.
The shadow imp barely misses you. The troll bites you but does no damage.
The troll claws you but does no damage. The troll claws you.
* * * LOW HITPOINT WARNING * * *
You closely miss the troll.
The troll is almost dead.
The shadow imp hits you but does no damage.
The troll bites you!
* * * LOW HITPOINT WARNING * * *
The troll claws you!
You die...

### ##### #.......
...... +.......+
........ #.......#
#.[......
#.......#
.#........
#.......#
..........
#.......#
#.....)..
#..5T...#
#.......< #@#
#........ #.#####
#........ #.....#
####.#### #####.#
#.<### #####'###
##.... #.......#
#####
+.......######....
#.......#....'....
#.......'.####....


You could see a troll (bleeding) and a shadow imp.

Vanquished Creatures
  Pikel (D:8)
  A hill giant (D:8)
  Psyche (D:8)
  3 slime creatures
  Eustachio (D:6)
  A hungry ghost (D:3)
  A hippogriff (D:8)
  A sky beast (D:8)
  A yellow wasp (D:7)
  2 slaves (D:7)
  6 ogres
  A phantom (D:4)
  A necrophage (D:8)
  2 ice beasts
  A centaur (D:7)
  A big kobold (D:8)
  A giant frog (D:7)
  A scorpion (D:6)
  A troll zombie (D:8)
  A goliath beetle (D:7)
  A crimson imp (D:7)
  2 hounds
  A two-headed ogre zombie (D:9)
  2 iguanas
  3 orc priests
  5 orc wizards
  6 worker ants
  A worker ant zombie (D:5)
  8 gnolls
  7 adders
  A giant mite (D:2)
  6 worms
  2 adder zombies
  6 giant geckos
  21 orcs
  5 giant cockroaches
  8 goblins
  11 hobgoblins
  7 jackals
  A quokka (D:2)
  A ball python (D:3)
  11 bats
  7 giant newts
  A giant spore (D:9)
  13 kobolds
  A kobold skeleton (D:4)
  22 rats
  3 ballistomycetes
192 creatures vanquished.

Vanquished Creatures (others)
  A slave (D:8)
  A giant spore (D:7)
2 creatures vanquished.

Grand Total: 194 creatures vanquished

Notes
Turn   | Place    | Note
--------------------------------------------------------------
     0 | D:1      | Qrupt, the Troll Monk, began the quest for the Orb.
     0 | D:1      | Reached XP level 1. HP: 22/22 MP: 1/1
   207 | D:1      | Reached XP level 2. HP: 25/29 MP: 1/1
   655 | D:2      | Reached skill level 5 in Unarmed Combat
   655 | D:2      | Reached XP level 3. HP: 36/36 MP: 2/2
  1138 | D:2      | Found a snail-covered altar of Cheibriados.
  1438 | D:3      | Found a sparkling altar of Nemelex Xobeh.
  1441 | D:3      | Reached XP level 4. HP: 44/44 MP: 2/2
  1461 | D:3      | Noticed a hungry ghost
  1482 | D:3      | Killed a hungry ghost
  1482 | D:3      | Reached skill level 6 in Unarmed Combat
  1482 | D:3      | Reached XP level 5. HP: 46/50 MP: 2/2
  1927 | D:4      | Reached skill level 7 in Unarmed Combat
  1979 | D:4      | Found a staircase to the Ecumenical Temple.
  2059 | D:4      | Reached XP level 6. HP: 56/59 MP: 3/3
  2136 | Temple   | Entered the Ecumenical Temple
  2140 | Temple   | Became a worshipper of Makhleb the Destroyer
  2140 | Temple   | Acquired Makhleb's first power
  2140 | Temple   | Acquired Makhleb's second power
  2197 | D:4      | Noticed an ogre
  2205 | D:4      | Killed an ogre
  2221 | D:4      | Noticed a phantom
  2232 | D:4      | Killed a phantom
  2232 | D:4      | Reached skill level 8 in Unarmed Combat
  2436 | D:4      | Noticed an ogre
  2443 | D:4      | Killed an ogre
  2443 | D:4      | Reached XP level 7. HP: 42/66 MP: 3/3
  2449 | D:4      | Noticed an ogre
  2457 | D:4      | Killed an ogre
  2457 | D:4      | Reached skill level 9 in Unarmed Combat
  2796 | D:4      | Found Gauqearo's Magic Scroll Emporium.
  2799 | D:4      | Bought a scroll of blinking for 105 gold pieces
  2900 | D:5      | Entered Level 5 of the Dungeon
  3000 | D:5      | Acquired Makhleb's third power
  3463 | D:6      | Found a stormy altar of Qazlal.
  3496 | D:6      | Reached skill level 10 in Unarmed Combat
  3544 | D:6      | Found a shadowy altar of Dithmenos.
  3548 | D:6      | Reached XP level 8. HP: 74/74 MP: 3/3
  3770 | D:6      | Noticed Eustachio
  3784 | D:6      | Killed Eustachio
  3831 | D:6      | Found a white marble altar of Elyvilon.
  3864 | D:6      | Found an iron altar of Okawaru.
  3873 | D:6      | Reached skill level 11 in Unarmed Combat
  4012 | D:6      | Found a stormy altar of Qazlal.
  4128 | D:7      | Acquired Makhleb's fourth power
  4427 | D:7      | Reached skill level 12 in Unarmed Combat
  4662 | D:7      | Reached XP level 9. HP: 80/80 MP: 4/4
  4716 | D:8      | Noticed Psyche
  4716 | D:8      | Noticed Pikel
  4868 | D:8      | Reached skill level 13 in Unarmed Combat
  4933 | D:8      | Killed Pikel
  4952 | D:8      | Killed Psyche
  5064 | D:8      | Reached skill level 14 in Unarmed Combat
  5196 | D:8      | Acquired Makhleb's fifth power
  5196 | D:8      | Reached XP level 10. HP: 88/88 MP: 4/4
  5230 | D:8      | Noticed a hill giant
  5236 | D:8      | Killed a hill giant
  5378 | D:9      | HP: 4/88 [troll (15)]
  5378 | D:9      | Mangled by a troll

Action                   |  1- 3 |  4- 6 |  7- 9 | 10-12 || total
-------------------------+-------+-------+-------+-------++-------
Melee: Unarmed           |   118 |   121 |   332 |    21 ||   592
Evoke: Wand              |       |       |     4 |       ||     4
  Use: Potion            |       |       |     1 |       ||     1
